 Dungeon Crawl Stone Soup version 0.29-a0-575-g0dc89cf (webtiles) character file.

Game seed: 10764340093899836417

1843 Illumine the Basher (level 9, -2/79 HPs)
             Began as a Meteoran Cinder Acolyte on June 13, 2022.
             Was a High Priest of Ignis.
             Slain by a bullfrog (7 damage)
             ... on level 1 of the Lair of Beasts.
             The game lasted 00:06:58 (1529 turns).

Illumine the Basher (Meteoran Cinder Acolyte)       Turns: 1529, Time: 00:06:59

Health: -2/79      AC:  7    Str: 15 (18) XL:     9   Next: 59%
Magic:  13/13      EV: 11    Int: 18 (19) God:    Ignis [*****.]
Gold:   153        SH:  0    Dex:  7 (9)  Spells: 10/12 levels left

rFire   + + .      SeeInvis +   a - -1 mace (flame)
rCold   + . .      Faith    .   (no shield)
rNeg    . . .      Spirit   .   p - +3 leather armour of Anaesthesia {SInv}
rPois   +          Reflect  .   (no helmet)
rElec   +          Harm     .   j - +0 cloak
rCorr   +          Rampage  .   (no gloves)
Will    +....                   (no boots)
Stlth   +.........              (no amulet)
HPRegen 0.23/turn               m - ring of wizardry
MPRegen 0.13/turn               (no ring)

@: lethally poisoned (-2 -> -14), resistant, glowing
A: sense surroundings 2, otherworldly, glowing, explore regen
a: Renounce Religion, Fiery Armour, Foxfire Swarm, Rising Flame


You were on level 1 of the Lair of Beasts.
You worshipped Ignis.
Ignis was extremely pleased with you.
You visited 3 branches of the dungeon, and saw 10 of its levels.

You collected 153 gold pieces.

Inventory:

Hand Weapons
 a - a -1 mace of flaming (weapon)
 o - a +0 mace of holy wrath
Missiles
 t - 5 javelins (quivered)
Armour
 h - a +0 tower shield
 j - a +0 cloak (worn)
 p - the +3 leather armour of Anaesthesia (worn) {SInv}
   (You found it on level 7 of the Dungeon)

   SInv:      It lets you see invisible.
Jewellery
 m - a ring of wizardry (left hand)
Wands
 g - a wand of iceblast (11)
Scrolls
 b - 2 scrolls of enchant armour {unknown}
 c - 3 scrolls of identify {unknown}
 d - 2 scrolls of fear {unknown}
 e - a scroll of vulnerability {unknown}
 f - a scroll of teleportation {unknown}
 k - a scroll of fog {unknown}
 n - a scroll of poison {unknown}
 r - a scroll of noise {unknown}


   Skills:
 + Level 7.3 Fighting
 + Level 10.0 Maces & Flails
 - Level 2.0 Armour
 + Level 6.2 Shields
 - Level 2.2 Spellcasting
 - Level 4.1 Fire Magic
 + Level 3.3 Evocations


You had 10 spell levels left.
You knew the following spells:

 Your Spells              Type           Power      Damage    Failure   Level
a - Scorch                Fire           32%        2d6       2%          2

Your spell library contained the following spells:

 Spells                   Type           Power      Damage    Failure   Level
 Necrotize                Necr           8%         1d4       9%          1
 Vampiric Draining        Necr           2%         2d6       26%         3
 Agony                    Necr           2%         N/A       91%         5


Dungeon Overview and Level Annotations

Branches:
Dungeon (8/15)             Temple (1/1) D:5            Lair (1/6) D:8

Altars:
Trog

Shops:
D:5 =

Annotations:
D:7 2 transporters, Raverzhus's ghost, novice MiFi


Innate Abilities, Weirdness & Mutations

You passively map the area around you.
You are easily found by Zot.
You glow in the dark.
You regain HP and MP as you explore.


Message History

You feel weakened.
You feel dopey.
You feel clumsy.
* * * LOW HITPOINT WARNING * * *
You feel extremely sick. The black mamba bites you!
* * * LOW HITPOINT WARNING * * *
The bullfrog hits you but does no damage.
The black mamba bites you!
* * * LOW HITPOINT WARNING * * *
It was a potion of heal wounds.
You feel much better.
You feel extremely sick. The bullfrog hits you.
* * * LOW HITPOINT WARNING * * *
The black mamba barely misses you.
The bullfrog hits you but does no damage.
The black mamba bites you but does no damage.
You are too confused!
Unknown command.
You are too confused!
* * * LOW HITPOINT WARNING * * *
You feel very sick.
The bullfrog is no longer more vulnerable to fire.
The bullfrog closely misses you. The black mamba bites you!
* * * LOW HITPOINT WARNING * * *
Unknown command.
* * * LOW HITPOINT WARNING * * *
You feel very sick.
The black mamba bites you but does no damage.
The bullfrog hits you.
* * * LOW HITPOINT WARNING * * *
The black mamba bites you but does no damage.
The bullfrog hits you.
* * * LOW HITPOINT WARNING * * *
Unknown command.
You feel less invigorated.
You feel less confused.
* * * LOW HITPOINT WARNING * * *
You feel very sick.
The black mamba bites you but does no damage.
The bullfrog hits you!
You die...

* , *..............P... *..
* #.................. ##..
................... #...#*
#................. #....,
###............##... *
*......##..............###..
* , ......#................#
..
........FS#F...........#*##
,.........#@............# *,
........####...........# *
......... ##.........## * *
*, .....S.... ##........# *,
........... #.......## ,
..........## ##.....## *
..........# .#...## **
,..........# # ..## * , ,, *
* *


You could see a black mamba and 2 bullfrogs.

Vanquished Creatures
  Urug (Lair:1)
  A yak (D:7)
  A wyvern (D:8)
  2 water moccasins (D:7)
  An orc warrior (D:8)
  2 black bears (D:8)
  An ogre (D:6)
  A bullfrog (D:5)
  A scorpion (D:5)
  2 necrophages
  A hound (D:6)
  3 iguanas
  2 gnolls
  An adder (D:5)
  A shadow imp (D:6)
  A white imp (D:6)
  A dart slug (D:1)
  14 orcs
  A bat (D:1)
  3 endoplasms
  A goblin (D:1)
  2 hobgoblins
  3 ball pythons
  A kobold (D:1)
  A rat (D:2)
49 creatures vanquished.

Vanquished Creatures (collateral kills)
  3 foxfires (Lair:1)
3 creatures vanquished.

Vanquished Creatures (others)
  19 foxfires (Lair:1)
  3 fungi (D:8)
  A plant (D:8)
23 creatures vanquished.

Grand Total: 75 creatures vanquished

Notes
Turn   | Place    | Note
-------+----------+-------------------------------------------
     0 | D:1      | Illumine the Meteoran Cinder Acolyte began the quest for
                  | the Orb.
     0 | D:1      | Reached XP level 1. HP: 19/19 MP: 3/3
   106 | D:1      | Reached XP level 2. HP: 23/26 MP: 5/5
   132 | D:1      | Learned a level 2 spell: Scorch
   221 | D:3      | Reached XP level 3. HP: 22/31 MP: 1/6
   269 | D:4      | Reached skill level 5 in Maces & Flails
   269 | D:4      | Reached XP level 4. HP: 28/40 MP: 2/8
   291 | D:4      | Noticed a necrophage
   296 | D:4      | Killed a necrophage
   297 | D:4      | Reached XP level 5. HP: 46/46 MP: 1/9
   304 | D:5      | Entered Level 5 of the Dungeon
   363 | D:5      | Found Vius's Jewellery Shop.
   383 | D:5      | Reached skill level 6 in Maces & Flails
   383 | D:5      | Reached skill level 1 in Shields
   383 | D:5      | Reached XP level 6. HP: 47/53 MP: 5/10
   434 | D:5      | Reached skill level 7 in Maces & Flails
   483 | D:5      | Found a staircase to the Ecumenical Temple.
   488 | Temple   | Entered the Ecumenical Temple
   544 | D:6      | Noticed an ogre
   550 | D:6      | Killed an ogre
   551 | D:6      | Reached XP level 7. HP: 60/60 MP: 6/11
   560 | D:6      | Reached skill level 5 in Fighting
   619 | D:7      | Noticed a water moccasin
   628 | D:7      | Killed a water moccasin
   629 | D:7      | Reached skill level 8 in Maces & Flails
   734 | D:7      | Identified the +3 leather armour of Anaesthesia {SInv}
   789 | D:7      | Found a transporter.
   790 | D:7      | Noticed a moth of wrath
   801 | D:7      | Found a transporter.
   807 | D:7      | Found a bloodstained altar of Trog.
   814 | D:7      | Reached XP level 8. HP: 64/68 MP: 5/12
   828 | D:7      | Noticed Raverzhus's ghost (novice MiFi)
   874 | D:7      | Reached skill level 1 in Armour
   921 | D:8      | Noticed a yak
   937 | D:7      | Killed a yak
  1179 | D:8      | Reached skill level 9 in Maces & Flails
  1189 | D:8      | Noticed a wyvern
  1199 | D:8      | Killed a wyvern
  1200 | D:8      | Reached skill level 5 in Shields
  1200 | D:8      | Gained mutation: You passively map the area around you.
                  | [Meteoran growth]
  1200 | D:8      | Reached XP level 9. HP: 26/78 MP: 1/13
  1280 | D:8      | Found a staircase to the Lair.
  1287 | D:8      | Reached skill level 1 in Evocations
  1476 | Lair:1   | Entered Level 1 of the Lair of Beasts
  1481 | Lair:1   | Noticed Urug
  1491 | Lair:1   | Killed Urug
  1492 | Lair:1   | Reached skill level 10 in Maces & Flails
  1516 | Lair:1   | Noticed a black mamba
  1525 | Lair:1   | HP: 1/79 [black mamba (8)]
  1529 | Lair:1   | Slain by a bullfrog

Illustrated notes

Levels and vault maps discovered:
D:1:      elethiomel_arrival_maze, layout_basic,
          shapermc_ecumenical_altar_acropolis, st_stairs_9
D:2:      layout_rooms, basic_altar, nicolae_grassy_gnolls
D:3:      layout_loops_cross, supply_closet_lemuel, uniq_terence
D:4:      layout_loops_cross, kennysheep_generic_room_4
D:5:      layout_cave_pools, temple_doors_e, serial_shops, shop_fountains,
          kennysheep_windowed_goal, uniq_crazy_yiuf_cottage
D:6:      layout_cave_pools, serial_shops, nicolae_take_the_stairs
D:7:      layout_loops_corners, gammafunk_ghost_wrathful_warriors, st_stairs_1
D:8:      layout_rooms, elyvilon_altar_1, grunt_lair_entry_orc_guard_hut,
          uniq_psyche, uniq_grum
Temple:   mainiacjoe_temple_archimedes_tessellation
Lair:1:   layout_cave_pods, beast_lair_carwin_9, serial_bayou_shore_a, uniq_urug

Skill      XL: |  1  2  3  4  5  6  7  8  9 |
---------------+----------------------------+-----
Spellcasting   | 2 |  2.2
Maces & Flails | 5 6 7 8 9 10 | 10.0
Fire Magic     | 4 |  4.1
Fighting       | 4 5 6 7 |  7.3
Shields        | 1 2 3 5 6 |  6.2
Armour         | 2 |  2.0
Evocations     | 3 |  3.3

Action                   |  1- 3 |  4- 6 |  7- 9 || total
-------------------------+-------+-------+-------++-------
Melee: Mace              |    23 |     3 |    21 ||    47
       Punch             |       |       |     1 ||     1
 Cast: Scorch            |    11 |    21 |    52 ||    84
Invok: Foxfire Swarm     |       |       |     1 ||     1
Evoke: Wand              |       |     1 |     1 ||     2
  Use: Potion            |       |       |     4 ||     4
Armor: Robe              |     7 |     2 |     1 ||    10
       Leather armour    |       |       |    20 ||    20
Dodge: Dodged            |    13 |     3 |    37 ||    53

Table legend: (Time is in decaauts)
 A = Elapsed time spent in this place.
 B = Non-inter-level travel time spent in this place.
 C = Inter-level travel time spent in this place.
 D = Time resting spent in this place.
 E = Time spent auto-exploring this place.
 F = Levels seen in this place.
 G = Mean time per level.
                   A        B        C        D        E       F      G
               +--------+--------+--------+--------+--------+-----+--------+
         Total |   1536 |   1481 |     55 |    410 |    252 |  10 |  153.6 |
       Dungeon |   1481 |   1426 |     55 |    410 |    245 |   8 |  185.1 |
        Temple |      1 |      1 |      0 |      0 |      0 |   1 |    1.0 |
          Lair |     52 |     52 |      0 |      0 |      7 |   1 |   52.0 |
               +--------+--------+--------+--------+--------+-----+--------+

Top non-repeatable levels by time:
     D:7: 558 daAuts
     D:8: 328 daAuts
     D:5: 203 daAuts
     D:1: 158 daAuts
     D:4: 65 daAuts
     D:6: 58 daAuts
     D:2: 57 daAuts
     D:3: 52 daAuts
  Lair:1: 52 daAuts
  Temple: 1 daAuts
